 Dungeon Crawl Stone Soup version 0.29.1-2-gbd0b4ee654 (webtiles) character file.

Game seed: 15424423235127520825

2913 Gabide the Chiller (level 9, -2/71 HPs)
             Began as a Demigod Ice Elementalist on Nov 19, 2022.
             Slain by a gnoll
             ... wielding a +1 spear of venom
              (7 damage)
             ... on level 8 of the Dungeon.
             The game lasted 00:16:05 (9893 turns).

Gabide the Chiller (Demigod Ice Elementalist)       Turns: 9893, Time: 00:16:06

Health: -2/71      AC: 11    Str:  5    XL:     9   Next: 25%
Magic:  27/27      EV: 10    Int: 29    God:
Gold:   118        SH:  0    Dex: 14    Spells: 5/16 levels left

rFire   + . .      SeeInvis .   v - +9 quarterstaff of the Pillar {flame, rPois Str-2 Stlth+}
rCold   . . .      Faith    .   (shield currently unavailable)
rNeg    . . .      Spirit   .   h - +3 ring mail "Ymutol Kei" {rF+}
rPois   +          Reflect  .   a - +1 helmet
rElec   +          Harm     .   (no cloak)
rCorr   .          Rampage  .   t - +0 pair of gloves of Lust {rElec MP+9 Str-2 Stlth+}
Will    .....                   (no boots)
Stlth   +++.......              (no amulet)
HPRegen 0.21/turn               (no ring)
MPRegen 0.20/turn               (no ring)

@: lethally poisoned (-2 -> -18)
A: high MP 1, forlorn, divine attributes
a: no special abilities


You were on level 8 of the Dungeon.
You visited 1 branch of the dungeon, and saw 8 of its levels.

You collected 361 gold pieces.
You spent 243 gold pieces at shops.

Inventory:

Hand Weapons
 v - the +9 quarterstaff of the Pillar (weapon) {flame, rPois Str-2 Stlth+}
   (You bought it in a shop on level 6 of the Dungeon)

   It burns those it strikes, dealing additional fire damage.
   Str:       It affects your strength (-2).
   rPois:     It protects you from poison.
   Stlth:     It makes you more stealthy.
Missiles
 m - 6 silver boomerangs
 q - 2 javelins
 y - a throwing net
Armour
 a - a +1 helmet (worn)
 h - the +3 ring mail "Ymutol Kei" (worn) {rF+}
   (You found it on level 4 of the Dungeon)

   rF:        It protects you from fire.
 n - a +2 pair of gloves
 t - the +0 pair of gloves of Lust (worn) {rElec MP+9 Str-2 Stlth+}
   (You found it on level 5 of the Dungeon)

   Str:       It affects your strength (-2).
   rElec:     It insulates you from electricity.
   MP:        It affects your magic capacity (+9).
   Stlth:     It makes you more stealthy.
 u - an orb of guile
Scrolls
 e - a scroll of poison {unknown}
 g - 3 scrolls of amnesia {unknown}
 k - a scroll of teleportation
 o - 2 scrolls of fear {unknown}
 r - a scroll of butterflies {unknown}
 s - a scroll of enchant weapon {unknown}
 w - a scroll of immolation {unknown}
 x - a scroll of identify
 z - a scroll of brand weapon {unknown}
 A - a scroll of torment {unknown}
Potions
 b - 2 potions of magic
 c - 5 potions of curing
 d - a potion of attraction {unknown}
 f - 2 potions of flight {unknown}
 i - 2 potions of mutation
 j - 3 potions of lignification
 l - 2 potions of ambrosia {unknown}
 p - a potion of heal wounds {unknown}
 B - a potion of resistance {unknown}


   Skills:
 - Level 4.0 Fighting
 + Level 0.3 Armour
 - Level 4.0 Dodging
 - Level 2.0 Stealth
 + Level 4.0 Spellcasting
 - Level 6.0 Summonings
 - Level 6.0 Ice Magic
 - Level 6.0 Earth Magic


You had 5 spell levels left.
You knew the following spells:

 Your Spells              Type           Power      Damage    Failure   Level
a - Freeze                Ice            100%       1d11      2%          1
b - Frozen Ramparts       Ice            80%        1d13      9%          3
c - Ozocubu's Armour      Ice            40%        N/A       9%          3
d - Animate Armour        Summ/Erth      80%        N/A       28%         4

Your spell library contained the following spells:

 Spells                   Type           Power      Damage    Failure   Level
 Sandblast                Erth           80%        2d17      2%          1
 Passwall                 Tmut/Erth      19%        N/A       14%         2
 Stone Arrow              Conj/Erth      46%        3d9       28%         3
 Sublimation of Blood     Necr           5%         N/A       45%         2
 Hailstorm                Conj/Ice       23%        3d7       67%         4
 Petrify                  Tmut/Erth      23%        N/A       67%         4
 Confusing Touch          Hex            5%         N/A       69%         3
 Corpse Rot               Necr/Pois/Air  5%         N/A       97%         4
 Dispel Undead            Necr           5%         3d7       97%         4
 Irradiate                Conj/Tmut      2%         3d12      100%        5
 Yara's Violent Unravell  Hex/Tmut       2%         3d3       100%        5
 Death Channel            Necr           2%         N/A       100%        6
 Enfeeble                 Hex            2%         N/A       100%        7
 Lehudib's Crystal Spear  Conj/Erth      11%        10d4      100%        8


Dungeon Overview and Level Annotations

Branches:
Dungeon (8/15)             Temple (0/1) D:7
   Lair: D:8-11

Shops:
D:5 (   D:6 [*


Innate Abilities, Weirdness & Mutations

You have an increased reservoir of magic. (+10% MP)
You shall have no god before yourself.
Your divine heritage dramatically boosts your attributes as you level up.


Message History

You sock the steam dragon! You burn the steam dragon.
The steam dragon is heavily wounded.
The gnoll hits you from afar with a +0 halberd.
The steam dragon completely misses you. The steam dragon claws you.
The gnoll barely misses you.
You hit the steam dragon. You burn the steam dragon.
The steam dragon is severely wounded.
The gnoll barely misses you. The steam dragon barely misses you.
The steam dragon claws you. The gnoll hits you but does no damage.
The gnoll closely misses you.
The gnoll hits you from afar with a +1 spear of venom!
You are poisoned.
The steam dragon bites you.
The steam dragon claws you but does no damage.
You hit the steam dragon. You burn the steam dragon.
The steam dragon is almost dead.
You feel very sick. The gnoll closely misses you.
The gnoll hits you from afar with a +1 spear of venom.
You are more poisoned.
The steam dragon bites you. The steam dragon misses you.
You completely miss the steam dragon.
The steam dragon is almost dead.
You feel very sick. The gnoll barely misses you.
The gnoll hits you but does no damage.
You are more poisoned.
The steam dragon bites you.
* * * LOW HITPOINT WARNING * * *
The steam dragon misses you.
You closely miss the steam dragon.
The steam dragon is almost dead.
* * * LOW HITPOINT WARNING * * *
You feel very sick.
The gnoll hits you from afar with a +0 halberd.
* * * LOW HITPOINT WARNING * * *
The steam dragon breathes steam at you. The ball of steam hits you. You resist.
* * * LOW HITPOINT WARNING * * *
The gnoll hits you from afar with a +1 spear of venom!
You die...

.## # #.. ..
##+##. #.# ...
#...#. #.# ....
......###.###...
.$...gg ......#
......D##.#...##
......)@.......#
.......##>#...##
.....$# #.# .##
.....# #.# #
#...# ##.## ##+#
##...# ##.###.##
#.## #.# #.# #.#


You could see a steam dragon (catching breath) and 2 gnolls.

Vanquished Creatures
  The ghost of kalagan the Conjurer, a novice DECj of Sif Muna (D:6)
  A hornet (D:7)
  Menkaure (D:4)
  Duvessa (D:4)
  A water moccasin (D:5)
  A sky beast (D:7)
  An ice beast (D:7)
  A black bear (D:6)
  An ogre (D:6)
  A phantom (D:6)
  A bullfrog (D:7)
  A kobold brigand (D:6)
  A gnoll sergeant (D:7)
  Blork the orc (D:4)
  2 scorpions
  A necrophage (D:4)
  8 wights (D:7)
  Dowan (D:4)
  2 hounds
  A jelly (D:4)
  4 orc priests (D:5)
  A gnoll bouda (D:7)
  Natasha (twice) (D:4)
  2 iguanas
  4 orc wizards
  Robin (D:4)
  19 gnolls
  8 adders
  2 shadow imps (D:5)
  2 worms
  2 dart slugs (D:1)
  13 orcs
  7 ball pythons
  5 bats
  7 endoplasms
  2 giant cockroaches (D:1)
  17 goblins
  5 hobgoblins
  3 jackals (D:1)
  14 kobolds
  2 quokkas (D:1)
  4 frilled lizards
  5 rats
160 creatures vanquished.

Notes
Turn   | Place    | Note
-------+----------+-------------------------------------------
     0 | D:1      | Gabide the Demigod Ice Elementalist began the quest for the
                  | Orb.
     0 | D:1      | Reached XP level 1. HP: 14/14 MP: 5/5
   294 | D:1      | Reached XP level 2. HP: 16/20 MP: 4/7
  1008 | D:1      | Reached XP level 3. HP: 27/27 MP: 4/8
  1653 | D:2      | Reached skill level 1 in Fighting
  1653 | D:2      | Reached XP level 4. HP: 35/35 MP: 6/10
  2271 | D:3      | Learned a level 3 spell: Frozen Ramparts
  2275 | D:3      | Learned a level 3 spell: Ozocubu's Armour
  2716 | D:4      | Reached XP level 5. HP: 10/40 MP: 0/11
  2722 | D:4      | HP: 1/40 [gnoll/+0 spear (2)]
  3014 | D:4      | Identified the +3 ring mail "Ymutol Kei" {rF+}
  3163 | D:4      | Reached skill level 5 in Ice Magic
  3391 | D:4      | Noticed Blork the orc
  3393 | D:4      | Noticed Robin
  3405 | D:4      | Killed Blork the orc
  3406 | D:4      | Reached XP level 6. HP: 48/48 MP: 5/13
  3496 | D:4      | Killed Robin
  3563 | D:4      | Noticed Menkaure
  3576 | D:4      | Killed Menkaure
  3978 | D:4      | Noticed Dowan
  3979 | D:4      | Noticed Natasha
  3981 | D:4      | Noticed Duvessa
  3989 | D:4      | Killed Natasha
  3994 | D:4      | Killed Dowan
  3995 | D:4      | Reached XP level 7. HP: 56/56 MP: 7/15
  4024 | D:4      | Killed Duvessa
  4383 | D:4      | Noticed Natasha
  4393 | D:4      | Killed Natasha
  4674 | D:5      | Entered Level 5 of the Dungeon
  5439 | D:5      | Reached skill level 1 in Earth Magic
  5607 | D:5      | Identified the +0 pair of gloves of Lust {rElec MP+9 Str-2
                  | Stlth+}
  5834 | D:5      | Found Mysiofri's Weapon Shop.
  6192 | D:6      | Reached XP level 8. HP: 55/66 MP: 17/17
  6666 | D:6      | Found Nigyiry's Assorted Antiques.
  6671 | D:6      | Bought a shimmering quarterstaff for 243 gold pieces
  6671 | D:6      | Identified the +9 quarterstaff of the Pillar {flame, rPois
                  | Str-2 Stlth+} (You bought it in a shop on level 6 of the
                  | Dungeon)
  6673 | D:6      | Found Xauniar's Antique Armour Emporium.
  6907 | D:6      | Found a runed translucent gate.
  6909 | D:6      | Found a runed translucent gate.
  6909 | D:6      | Found a runed translucent gate.
  6909 | D:6      | Noticed kalagan's ghost (novice DECj)
  6993 | D:6      | Reached skill level 5 in Earth Magic
  7376 | D:6      | Killed kalagan's ghost
  7377 | D:6      | Reached skill level 1 in Summonings
  7385 | D:6      | Learned a level 4 spell: Animate Armour
  7450 | D:7      | Noticed a hornet
  7459 | D:7      | Killed a hornet
  8031 | D:7      | Found a staircase to the Ecumenical Temple.
  8050 | D:7      | Reached XP level 9. HP: 66/70 MP: 18/18
  8108 | D:7      | HP: 2/60 [wight/+2 halberd (4)]
  8778 | D:7      | Reached skill level 5 in Summonings
  9893 | D:8      | Slain by a gnoll

Illustrated notes

Levels and vault maps discovered:
D:1:      pf_arrival_petrified_forest, layout_basic
D:2:      layout_basic, grunt_decor_fettered
D:3:      layout_loops_ring, chequers_ecumenical_altar_simple
D:4:      layout_basic, nicolae_uskayaw_murder_on_the_dancefloor,
          grunt_gozag_breadcrumbs, uniq_menkaure, uniq_blork_the_orc,
          uniq_duvessa, uniq_robin, uniq_natasha
D:5:      layout_loops_cross, nicolae_vehumet_altar_sigil,
          mainiacjoe_overflow_small_starburst, serial_shops,
          nicolae_shop_bloodbath_and_beyond, amcnicky_mini_pool_small
D:6:      layout_basic, lemuel_crystal_altar, serial_shops, shop,
          nicolae_shop_trees, ebering_ghost_rock_garden
D:7:      layout_loops_ring, old_standard_altar,
          nicolae_wu_jian_immortal_techniques, minmay_temple_entry_grid,
          amcnicky_mini_rare_corridor_liquid
D:8:      layout_loops_corners, okawaru_metal_pillars_1_2

Skill      XL: |  1  2  3  4  5  6  7  8  9 |
---------------+----------------------------+-----
Dodging        | 2 3 4 |  4.0
Stealth        | 2 |  2.0
Spellcasting   | 2 3 4 |  4.0
Ice Magic      | 4 5 6 |  6.0
Fighting       | 1 2 4 |  4.0
Earth Magic    | 3 6 |  6.0
Summonings     | 4 6 |  6.0
Armour         | |  0.3

Action                   |  1- 3 |  4- 6 |  7- 9 || total
-------------------------+-------+-------+-------++-------
Melee: Dagger            |     8 |    63 |    36 ||   107
       Quarterstaff      |       |       |   135 ||   135
Throw: Javelin           |       |     4 |       ||     4
       Boomerang         |       |     4 |       ||     4
 Cast: Freeze            |    64 |    79 |   130 ||   273
       Ozocubu's Armour  |       |     5 |     5 ||    10
       Frozen Ramparts   |       |     5 |     3 ||     8
  Use: Scroll            |       |     7 |     5 ||    12
 Stab: Sleeping          |       |       |     2 ||     2
Armor: Robe              |     9 |    15 |       ||    24
       Ring mail         |       |    46 |   165 ||   211
Dodge: Dodged            |    43 |    88 |   195 ||   326
